 Dungeon Crawl Stone Soup version 0.21-a0-531-gacddea6 (webtiles) character file.

215 kiturien the Chopper (level 5, -9/45 HPs)
             Began as a Draconian Skald on Dec 13, 2017.
             Mangled by a mummy (15 damage)
             ... in an ossuary.
             The game lasted 00:12:35 (3223 turns).

kiturien the Chopper (Draconian Skald)              Turns: 3223, Time: 00:12:36

Health: -9/45      AC:  8    Str: 11 (12) XL:     5   Next: 60%
Magic:  8/8        EV: 13    Int: 13      God:
Gold:   208        SH:  0    Dex:  9 (10) Spells: 1/8 levels left

rFire    . . .     SeeInvis .   a - +0 hand axe
rCold    . . .     Gourm    .   (no shield)
rNeg     . . .     Faith    .   (armour unavailable)
rPois    .         Spirit   .   (helmet restricted)
rElec    .         Reflect  .   (no cloak)
rCorr    .         Harm     .   (no gloves)
MR       .....                  f - +2 pair of boots
Stlth    +.........             (no amulet)
HPRegen  0.15/turn              l - -3 ring of strength (curse)
MPRegen  0.11/turn              (no ring)

@: very slightly contaminated
A: unfitting armour, cold-blooded, AC +5
a: no special abilities


You were in an ossuary.
You were very hungry.

You visited 1 branch of the dungeon, and saw 4 of its levels.
You also visited: Ossuary.

You collected 208 gold pieces.

Inventory:

Hand Weapons
 a - a +0 hand axe (weapon)
Armour
 f - a +2 pair of boots (worn)
Jewellery
 l - a cursed -3 ring of strength (left hand)
Wands
 r - a wand of iceblast (9)
Scrolls
 d - a scroll of remove curse {unknown}
 i - 2 scrolls of teleportation
 j - 2 scrolls of fear
 m - a scroll of immolation {unknown}
Potions
 h - a potion of curing {unknown}
 k - a potion of heal wounds {unknown}
 p - 3 potions of flight
Books
 b - a book of Battle

   Spells                             Type                      Level
   a - Infusion                       Charms                       1
   b - Shroud of Golubria             Charms/Translocation         2
   c - Song of Slaying                Charms                       2
   d - Spectral Weapon                Hexes/Charms                 3
   e - Regeneration                   Charms/Necromancy            3
 o - a book of Cantrips

   Spells                             Type                      Level
   a - Confusing Touch                Hexes                        1
   b - Animate Skeleton               Necromancy                   1
   c - Summon Small Mammal            Summoning                    1
   d - Apportation                    Translocation                1
Comestibles
 c - 2 bread rations
 n - a royal jelly


   Skills:
 + Level 3.0 Fighting
 + Level 4.1 Axes
 + Level 3.1 Dodging
 + Level 2.3 Spellcasting
 + Level 3.3 Charms


You had one spell level left.
You knew the following spells:

 Your Spells              Type           Power        Failure   Level  Hunger
a - Infusion              Chrm           ##..         6%          1    #......
b - Song of Slaying       Chrm           ##......     10%         2    ###....
c - Apportation           Tloc           #.....       24%         1    #......
d - Confusing Touch       Hex            #.....       24%         1    #......
e - Shroud of Golubria    Chrm/Tloc      #.........   19%         2    ###....


Dungeon Overview and Level Annotations

Branches:
Dungeon (4/15)
 Temple: D:4-7

Altars:
Ashenzari
Cheibriados
Makhleb
Ru
Uskayaw
Wu Jian


Innate Abilities, Weirdness & Mutations

Your plain brown scales are hard. (AC +5)
You cannot fit into any form of body armour.
You are cold-blooded and may be slowed by cold attacks.


Message History

* * * LOW HITPOINT WARNING * * *
You hit the mummy but do no damage.
The mummy is moderately damaged.
You barely miss the mummy.
The mummy is moderately damaged.
The mummy closely misses you.
You hit the mummy.
The mummy is heavily damaged.
The mummy hits you.
* * * LOW HITPOINT WARNING * * *
You hit the mummy.
The mummy is severely damaged.
The mummy hits you.
* * * LOW HITPOINT WARNING * * *
You hit the mummy.
The mummy is almost destroyed.
You hit the mummy but do no damage.
The mummy is almost destroyed.
The mummy hits you!
You die...

#....#
#....#
#....#
#....#
#....#
#....#
#....#
#..M.#
#.∩∩@#
######


You could see a mummy.

Vanquished Creatures
  A worker ant (D:4)
  3 mummies (Ossuary)
  5 adders
  2 oozes
  3 worms
  3 dart slugs
  8 leopard geckos
  3 orcs
  A ball python (D:1)
  6 giant cockroaches
  2 gnoll zombies (Ossuary)
  4 goblins
  5 hobgoblins
  2 quokkas (D:3)
  6 bats
  8 frilled lizards
  2 hobgoblin zombies (Ossuary)
  9 kobolds
  3 kobold zombies (Ossuary)
  An orc zombie (Ossuary)
  9 rats
86 creatures vanquished.

Notes
Turn   | Place    | Note
-------+----------+-------------------------------------------
     0 | D:1      | kiturien the Draconian Skald began the quest for the Orb.
     0 | D:1      | Reached XP level 1. HP: 17/17 MP: 3/3
    59 | D:1      | Reached XP level 2. HP: 15/24 MP: 0/5
   347 | D:1      | Learned a level 2 spell: Song of Slaying
   881 | D:1      | Reached XP level 3. HP: 26/30 MP: 6/6
  1293 | D:2      | Found an ornate altar of the Wu Jian Council.
  1631 | D:2      | Found a shattered altar of Ashenzari.
  1633 | D:2      | Reached XP level 4. HP: 37/37 MP: 7/7
  1692 | D:2      | Found a sacrificial altar of Ru.
  1747 | D:2      | Learned a level 1 spell: Apportation
  1784 | D:2      | Found a snail-covered altar of Cheibriados.
  1824 | D:2      | Found a burning altar of Makhleb.
  1824 | D:2      | Noticed a balrug
  1828 | D:2      | Noticed a neqoxec
  1828 | D:2      | Noticed an orange demon
  2069 | D:3      | Reached skill level 3 in Axes
  2274 | D:3      | Gained mutation: You are weak. (Str -2) [potion of mutation]
  2274 | D:3      | Lost mutation: You are weak. (Str -2) [potion of mutation]
  2501 | D:3      | Found a hide-covered altar of Uskayaw.
  2506 | D:3      | Learned a level 1 spell: Confusing Touch
  2522 | D:3      | Learned a level 2 spell: Shroud of Golubria
  2729 | D:3      | Reached XP level 5. HP: 44/44 MP: 8/8
  3168 | D:4      | Found a sand-covered staircase.
  3183 | Ossuary  | Entered an ossuary
  3203 | Ossuary  | Reached skill level 4 in Axes
  3203 | Ossuary  | HP: 2/45 [mummy (8)]
  3223 | Ossuary  | Mangled by a mummy

Vault maps used:
D:1:      minmay_arrival_three_doors
D:2:      makhleb_altar_promises_db, kennysheep_slug_shrine, old_standard_altar,
          nicolae_overflow_hidden_temple, first_bread, st_stairs_6,
          nicolae_ru_sacrificial_ziggurat
D:3:      lemuel_doored_altar, minmay_misc_feat_plants, minivault_5
D:4:      kennysheep_vampire_church, lightli_ossuary_entry_decrepit_ruins,
          item_on_display_a
Ossuary:  ossuary_tomb_3

Skill      XL: |  1  2  3  4  5 |
---------------+----------------+-----
Charms         | 3 |  3.3
Axes           | 3 4 |  4.1
Fighting       | 3 |  3.0
Dodging        | 3 |  3.1
Spellcasting   | |  2.3

Action                   |  1- 3 |  4- 6 || total
-------------------------+-------+-------++-------
Melee: Hand axe          |   130 |   174 ||   304
       Tailslap          |    11 |    21 ||    32
 Cast: Infusion          |     7 |     1 ||     8
       Song of Slaying   |     2 |     2 ||     4
  Use: Potion            |     3 |     4 ||     7
       Scroll            |     1 |     5 ||     6
 Stab: Sleeping          |     1 |       ||     1
  Eat: Chunk             |     3 |     4 ||     7
Armor: Skin              |    34 |    59 ||    93
Dodge: Dodged            |    85 |   122 ||   207

Table legend:
 A = Spawn XP
 B = Non-spawn XP
 C = Spawn XP percentage of total XP
 D = Spawn monster count
 E = Non-spawn monster count
 F = Spawn count percentage of total count
 G = Total turns spent on level
                    A         B        C        D         E        F      G
               +---------+---------+-------+---------+---------+-------+---------
         Total |       0 |     308 |   0.0 |       0 |      86 |   0.0 |  3223
               +---------+---------+-------+---------+---------+-------+---------
           D:1 |       0 |      54 |   0.0 |       0 |      29 |   0.0 |  1172
           D:2 |       0 |      77 |   0.0 |       0 |      18 |   0.0 |   902
           D:3 |       0 |      75 |   0.0 |       0 |      24 |   0.0 |   998
           D:4 |       0 |      41 |   0.0 |       0 |       4 |   0.0 |   111
       Ossuary |       0 |      61 |   0.0 |       0 |      11 |   0.0 |    40
               +---------+---------+-------+---------+---------+-------+---------
